 Dungeon Crawl Stone Soup version 0.22-a0-322-g60b3cfd (webtiles) character file.

64 xccam the Chopper (level 4, -7/38 HPs)
             Began as a Gnoll Wanderer on Apr 4, 2018.
             Mangled by Sigmund
             ... wielding a +0 scythe
              (12 damage)
             ... on level 2 of the Dungeon.
             The game lasted 00:03:17 (1629 turns).

xccam the Chopper (Gnoll Wanderer)                  Turns: 1629, Time: 00:03:18

Health: -7/38      AC:  7    Str: 12    XL:     4   Next: 12%
Magic:  6/6        EV:  9    Int: 18    God:
Gold:   84         SH:  0    Dex: 14    Spells: 5/5 levels left

rFire    . . .     SeeInvis +   d - +0 hand axe
rCold    + . .     Gourm    .   (no shield)
rNeg     . . .     Faith    .   g - +0 scale mail
rPois    .         Spirit   .   h - +0 helmet {SInv}
rElec    .         Reflect  .   (no cloak)
rCorr    .         Harm     .   (no gloves)
MR       .....                  (no boots)
Stlth    ..........             (no amulet)
HPRegen  0.12/turn              m - ring of protection from cold
MPRegen  0.10/turn              (no ring)

@: no status effects
A: distributed training, fangs 1, strong nose
a: no special abilities


You were on level 2 of the Dungeon.
You were not hungry.

You visited 1 branch of the dungeon, and saw 2 of its levels.

You collected 84 gold pieces.

Inventory:

Hand Weapons
 b - a +2 blowgun
 d - a +0 hand axe (weapon)
Armour
 g - a +0 scale mail (worn)
 h - a +0 helmet of see invisible (worn)
Jewellery
 m - a ring of protection from cold (left hand)
Scrolls
 i - a scroll of teleportation {unknown}
 j - 2 scrolls of identify {unknown}
 k - 3 scrolls of remove curse {unknown}
 n - a scroll of amnesia {unknown}
Comestibles
 c - 5 chunks of flesh
 f - 5 rations


   Skills:
 + Level 4.6 Fighting
 + Level 1.0 Short Blades
 + Level 1.0 Long Blades
 + Level 4.6 Axes
 + Level 1.0 Maces & Flails
 + Level 1.0 Polearms
 + Level 1.0 Staves
 + Level 1.0 Slings
 + Level 1.0 Bows
 + Level 1.0 Crossbows
 + Level 2.7 Throwing
 + Level 2.7 Armour
 + Level 1.0 Dodging
 + Level 1.0 Stealth
 + Level 1.0 Shields
 + Level 1.0 Unarmed Combat
 + Level 1.0 Spellcasting
 + Level 2.2 Conjurations
 + Level 0.7 Hexes
 + Level 0.7 Charms
 + Level 0.7 Summonings
 + Level 0.7 Necromancy
 + Level 0.7 Translocations
 + Level 0.7 Transmutations
 + Level 0.7 Fire Magic
 + Level 3.8 Ice Magic
 + Level 0.7 Air Magic
 + Level 0.7 Earth Magic
 + Level 0.7 Poison Magic
 + Level 1.1 Invocations
 + Level 2.7 Evocations


You had 5 spell levels left.
You didn't know any spells.

Dungeon Overview and Level Annotations

Branches:
Dungeon (2/15)

Altars:
Ashenzari
Hepliaklqana
Makhleb
Nemelex Xobeh
Qazlal
Ru
Yredelemnul
Zin

Annotations:
D:2 Sigmund, Terence


Innate Abilities, Weirdness & Mutations

Your experience applies equally to all skills.
You have very sharp teeth.
Your uncanny sense of smell can sniff out nearby items.


Message History

Sigmund gestures at you while chanting. The puff of flame hits you!
Terence hits you with a hand axe. Sigmund hits you with a scythe.
* * * LOW HITPOINT WARNING * * *
You closely miss Sigmund.
Sigmund is moderately wounded.
You hit the kobold but do no damage. You hit Terence but do no damage.
The bat hits you but does no damage. Terence hits you but does no damage.
The kobold hits you with a dagger.
* * * LOW HITPOINT WARNING * * *
You hit Sigmund but do no damage. You bite Sigmund, but do no damage.
Sigmund is moderately wounded.
You hit Terence but do no damage. You hit the kobold.
You kill the kobold!
The bat misses you. Sigmund barely misses you.
Terence hits you with a hand axe.
* * * LOW HITPOINT WARNING * * *
The bat closely misses you.
Sigmund hits you from afar with a scythe!
You die...

#..........### #
#...........# #.
#........##.##
##.#####
#####..####...
##......## ###.##
###. #....?.!.##
#...# #.
..........###.#####
#.
....(.............#
##
.......@.@.###....#
# .......@(..#
#....######
......b.)<##
#..........
#........##
#...†......
..........
#....###..#
....!....(# #....#
#..# ..........#
###### #..#
..........# #...
.........# ###.


You could see Sigmund, Terence and a bat.

Vanquished Creatures
  3 adders (D:2)
  2 worms (D:2)
  A leopard gecko (D:2)
  4 bats (D:2)
  A giant cockroach (D:2)
  A goblin (D:2)
  6 hobgoblins
  A quokka (D:2)
  2 ball pythons (D:2)
  4 frilled lizards (D:2)
  4 kobolds
  4 rats
33 creatures vanquished.

Notes
Turn   | Place    | Note
-------+----------+-------------------------------------------
     0 | D:1      | xccam the Gnoll Wanderer began the quest for the Orb.
     0 | D:1      | xccam set off with: a curare-tipped needle, a +2 blowgun, a +0 ring mail, a +0 hand axe, a ration
     0 | D:1      | Reached XP level 1. HP: 20/20 MP: 2/2
   797 | D:2      | Reached XP level 2. HP: 19/26 MP: 3/3
   979 | D:2      | Reached XP level 3. HP: 14/31 MP: 4/4
   999 | D:2      | Found a basalt altar of Yredelemnul.
  1246 | D:2      | Found a sparkling altar of Nemelex Xobeh.
  1247 | D:2      | Found a burning altar of Makhleb.
  1258 | D:2      | Found a stormy altar of Qazlal.
  1258 | D:2      | Found a glowing silver altar of Zin.
  1258 | D:2      | Found a sacrificial altar of Ru.
  1269 | D:2      | Reached skill level 1 in Invocations
  1270 | D:2      | Found a shattered altar of Ashenzari.
  1294 | D:2      | Found a hazy altar of Hepliaklqana.
  1544 | D:2      | Reached skill level 1 in Short Blades
  1544 | D:2      | Reached skill level 1 in Long Blades
  1544 | D:2      | Reached skill level 1 in Maces & Flails
  1544 | D:2      | Reached skill level 1 in Polearms
  1544 | D:2      | Reached skill level 1 in Staves
  1544 | D:2      | Reached skill level 1 in Slings
  1544 | D:2      | Reached skill level 1 in Bows
  1544 | D:2      | Reached skill level 1 in Crossbows
  1544 | D:2      | Reached skill level 1 in Dodging
  1544 | D:2      | Reached skill level 1 in Stealth
  1544 | D:2      | Reached skill level 1 in Shields
  1544 | D:2      | Reached skill level 1 in Unarmed Combat
  1544 | D:2      | Reached skill level 1 in Spellcasting
  1544 | D:2      | Reached XP level 4. HP: 23/38 MP: 4/6
  1590 | D:2      | Noticed Sigmund
  1619 | D:2      | Noticed Terence
  1629 | D:2      | Mangled by Sigmund

Vault maps used:
D:1:      eino_arrival_cavern_a
D:2:      grunt_temple_overflow_open, overflow_temple_1_default,
          minmay_pentomino_p2, uniq_sigmund, uniq_terence

Skill      XL: |  1  2  3 |
---------------+----------+-----
Conjurations   | 2 |  2.2
Invocations    | 1 |  1.1
Short Blades   | 1 |  1.0
Long Blades    | 1 |  1.0
Maces & Flails | 1 |  1.0
Polearms       | 1 |  1.0
Staves         | 1 |  1.0
Slings         | 1 |  1.0
Bows           | 1 |  1.0
Crossbows      | 1 |  1.0
Dodging        | 1 |  1.0
Stealth        | 1 |  1.0
Shields        | 1 |  1.0
Unarmed Combat | 1 |  1.0
Spellcasting   | 1 |  1.0
Fighting       | |  4.6
Axes           | |  4.6
Throwing       | |  2.7
Armour         | |  2.7
Hexes          | |  0.7
Charms         | |  0.7
Summonings     | |  0.7
Necromancy     | |  0.7
Translocations | |  0.7
Transmutations | |  0.7
Fire Magic     | |  0.7
Ice Magic      | |  3.8
Air Magic      | |  0.7
Earth Magic    | |  0.7
Poison Magic   | |  0.7
Evocations     | |  2.7

Action                   |  1- 3 |  4- 6 || total
-------------------------+-------+-------++-------
Melee: Hand axe          |   112 |    33 ||   145
       Bite              |    14 |     2 ||    16
 Fire: Blowgun           |       |     1 ||     1
  Use: Potion            |       |     3 ||     3
  Eat: Chunk             |     2 |       ||     2
Armor: Ring mail         |    54 |       ||    54
       Scale mail        |    27 |    18 ||    45
Dodge: Dodged            |    80 |    18 ||    98

Table legend:
 A = Spawn XP
 B = Non-spawn XP
 C = Spawn XP percentage of total XP
 D = Spawn monster count
 E = Non-spawn monster count
 F = Spawn count percentage of total count
 G = Total turns spent on level
                    A         B        C        D         E        F      G
               +---------+---------+-------+---------+---------+-------+---------
         Total |       0 |      92 |   0.0 |       0 |      33 |   0.0 |  1629
               +---------+---------+-------+---------+---------+-------+---------
           D:1 |       0 |       8 |   0.0 |       0 |       5 |   0.0 |   789
           D:2 |       0 |      84 |   0.0 |       0 |      28 |   0.0 |   840
               +---------+---------+-------+---------+---------+-------+---------
